 Dungeon Crawl Stone Soup version 0.29.1-1-gd02db6906a (webtiles) character file.

Game seed: 6450961481511254059

23 Doomgape the Digger (level 3, -1/19 (26) HPs)
             Began as a Meteoran Earth Elementalist on Sept 18, 2022.
             Slain by an orc wizard
             ... wielding a +0 hand axe
              (7 damage)
             ... on level 2 of the Dungeon.
             The game lasted 00:03:59 (982 turns).

Doomgape the Digger (Meteoran Earth Elementalist)    Turns: 982, Time: 00:03:59

HP:   -1/19 (26)    AC:  2    Str:  9    XL:     3   Next: 26%
MP:   7/8           EV: 12    Int: 18    God:
Gold: 85            SH:  0    Dex: 15    Spells: 7/8 levels left

rFire   . . .      SeeInvis .   (no weapon)
rCold   . . .      Faith    .   (no shield)
rNeg    . . .      Spirit   .   a - +0 robe
rPois   .          Reflect  .   (no helmet)
rElec   .          Harm     .   (no cloak)
rCorr   .          Rampage  .   (no gloves)
Will    .....                   (no boots)
Stlth   +.........              (no amulet)
HPRegen 0.06/turn               (no ring)
MPRegen 0.11/turn               (no ring)

@: glowing, very heavily drained
A: sense surroundings 1, otherworldly, glowing, explore regen
a: no special abilities


You were on level 2 of the Dungeon.
You visited 1 branch of the dungeon, and saw 2 of its levels.

You collected 85 gold pieces.

Inventory:

Missiles
 i - 7 stones
Armour
 a - a +0 robe (worn)
Scrolls
 j - a scroll of identify
Potions
 b - a potion of magic
 c - a potion of haste
 d - a potion of mutation {unknown}
 e - a potion of berserk rage {unknown}
 f - a potion of lignification {unknown}
 g - a potion of degeneration {unknown}
 h - a potion of brilliance {unknown}


   Skills:
 - Level 2.4 Dodging
 - Level 1.4 Stealth
 + Level 3.3 Spellcasting
 + Level 2.1 Transmutations
 + Level 4.1 Earth Magic


You had 7 spell levels left.
You knew the following spells:

 Your Spells              Type           Power      Damage    Failure   Level
a - Sandblast             Erth           34%        2d9       3%          1

Your spell library contained the following spells:

 Spells                   Type           Power      Damage    Failure   Level
 Passwall                 Tmut/Erth      11%        N/A       7%          2
 Stone Arrow              Conj/Erth      20%        3d8       21%         3
 Petrify                  Tmut/Erth      14%        N/A       41%         4


Dungeon Overview and Level Annotations

Branches:
Dungeon (2/15) Zot: 401

Altars:


Innate Abilities, Weirdness & Mutations

You passively map a small area around you.
You are easily found by Zot.
You glow in the dark.
You regain HP and MP as you explore.


Message History

Aim: an orc, wielding a +0 whip (82% to hit)
The blast of sand hits the orc!!
You kill the orc!
A goblin comes into view. It is wielding a +0 spear.
The goblin shouts!
An orc wizard comes into view. It is wielding a +0 hand axe.
Sorry, you're not good enough to have a special ability.
Unknown command.
Casting: Sandblast (safe; 3% risk of failure)
Confirm with . or Enter, or press ? or * to list all spells.
Aiming: Sandblast (safe; 3% risk of failure)
Press: ? - help, Shift-Dir - straight line, f - goblin
Aim: a goblin, wielding a +0 spear (77% to hit)
The blast of sand misses the goblin.
The orc wizard gestures at you while chanting.
You are confused.
You're too confused to cast spells.
Sorry, you're not good enough to have a special ability.
Unknown command.
You're too confused to cast spells.
Sorry, you're not good enough to have a special ability.
Unknown command.
You bump into the rock wall.
The goblin misses you.
You bump into the rock wall.
The goblin hits you but does no damage.
The orc wizard hits you with a +0 hand axe.
You bump into the rock wall.
The goblin hits you but does no damage. The orc wizard barely misses you.
You bump into the rock wall.
You feel less confused. The goblin closely misses you.
The orc wizard gestures at you while chanting.
The magic dart hits you!
You hit the orc wizard but do no damage.
The orc wizard barely misses you.
You hit the orc wizard but do no damage.
The goblin hits you from afar with a +0 spear.
The orc wizard hits you with a +0 hand axe.
You barely miss the orc wizard. The goblin closely misses you.
The orc wizard hits you with a +0 hand axe!
You die...

,,,,,,,*,*
,*****,*,***###
,*,,,,,,,,,,..#
,*,,,,,,,*###.#
,*,,**,*>,,...#
,,,,**,*,**#..# ###
,,,,,,,*,* #..# ##.##
**,,***#.###..####.#.##
,,,,* #.?)...go@...#.#
**,,* #####..####...##
*,,* #..# ##.##
*,,*******#..# #.#
**,,,,,,,,,$..# #.#
,,,,,,,,,*##.##
#[############ ***,****,*
#.* #............# ,,,,*
*,**#.*****############.#
,*,,****,,,,,,,,,,* #.#


You could see an orc wizard and a goblin.

Vanquished Creatures
  An orc (D:2)
  2 ball pythons
  2 endoplasms (D:1)
  2 goblins
  2 hobgoblins
  2 quokkas (D:1)
  4 bats
  A frilled lizard (D:1)
  3 kobolds
  A rat (D:1)
20 creatures vanquished.

Notes
Turn   | Place    | Note
-------+----------+-------------------------------------------
     0 | D:1      | Doomgape the Meteoran Earth Elementalist began the quest
                  | for the Orb.
     0 | D:1      | Reached XP level 1. HP: 14/14 MP: 5/5
    45 | D:1      | Found a faded altar of an unknown god.
   142 | D:1      | Reached XP level 2. HP: 18/20 MP: 2/6
   460 | D:1      | Reached skill level 4 in Earth Magic
   488 | D:1      | Glimpsed the power of Zot.
   538 | D:1      | Glimpsed the power of Zot.
   578 | D:1      | Glimpsed the power of Zot.
   588 | D:1      | Touched by the power of Zot.
   689 | D:1      | Glimpsed the power of Zot.
   739 | D:1      | Glimpsed the power of Zot.
   837 | D:2      | Reached XP level 3. HP: 18/19 MP: 3/8
   982 | D:2      | Slain by an orc wizard

Illustrated notes

Levels and vault maps discovered:
D:1:      amcnicky_arrival_abandoned_market, layout_loops_ring,
          ebering_ecumenical_altar_rust
D:2:      minmay_skewed_foursquare, layout_loops_ring

Skill      XL: |  1  2 |
---------------+-------+-----
Spellcasting   | 3 |  3.3
Earth Magic    | 4 |  4.1
Transmutations | 2 |  2.1
Dodging        | |  2.4
Stealth        | |  1.4

Action                   || total
-------------------------++-------
Melee: Unarmed           ||     4
 Cast: Sandblast         ||    33
  Use: Scroll            ||     6
Armor: Robe              ||     4
Dodge: Dodged            ||     9
